 Dungeon Crawl Stone Soup version 0.32-a0-484-g2eb335deba (webtiles) character file.

Game seed: 9313124194523546642

2749 Alarak the Hermetic (level 10, -1/63 HPs)
             Began as a Formicid Alchemist on Feb 27, 2024.
             Shot with an arrow by a centaur (6 damage)
             ... on level 7 of the Dungeon.
             The game lasted 00:38:05 (8431 turns).

Alarak the Hermetic (Formicid Alchemist)            Turns: 8431, Time: 00:38:05

Health: -1/63      AC:  5    Str: 18    XL:     10   Next: 0%
Magic:  13/17      EV: 12    Int: 20    God:
Gold:   386        SH:  0    Dex: 20    Spells: 8/19 levels left

rFire   . . .        y - +3 whip (vamp)
rCold   . . .        s - orb {*channel}
rNeg    . . .        e - +1 animal skin
rPois   .            (helmet unavailable)
rElec   .            (no cloak)
rCorr   .            (no gloves)
SInv    +            k - +1 pair of boots
Will    +....        (no amulet)
Stlth   ++           t - +6 ring of strength
HPRegen 0.30/turn    A - +6 ring of dexterity
MPRegen 0.15/turn

%: channel magic (20%)
@: no status effects
A: permanent stasis, dig shafts and tunnels, antennae 3, four strong arms
a: Dig, Shaft Self


You were on level 7 of the Dungeon.
You visited 1 branch of the dungeon, and saw 7 of its levels.
You also visited: Sewer.

You collected 386 gold pieces.

Inventory:

Hand Weapons
 y - a +3 vampiric whip (weapon)
Missiles
 f - a throwing net
Armour
 e - a +1 animal skin (worn)
 k - a +1 pair of boots (worn)
 s - an orb of energy (worn)
Jewellery
 t - a +6 ring of strength (left hand)
 A - a +6 ring of dexterity (right hand)
Wands
 a - a wand of charming (8)
 h - a wand of mindburst (6)
 p - a wand of flame (34)
Scrolls
 c - 2 scrolls of enchant armour
 g - a scroll of amnesia
 u - a scroll of fog
Potions
 b - 3 potions of magic
 d - a potion of resistance
 i - a potion of attraction
 j - 6 potions of heal wounds
 l - a potion of brilliance
 o - a potion of enlightenment
 q - 2 potions of curing
 r - 3 potions of might
 w - 2 potions of invisibility
 z - a potion of experience {unknown}


   Skills:
 - Level 1.7 Dodging
 - Level 2.4 Stealth
 - Level 5.0 Spellcasting
 - Level 0.8 Conjurations
 + Level 3.6 Fire Magic
 - Level 15.1 Alchemy


You had 8 spell levels left.
You knew the following spells:

 Your Spells              Type           Power      Damage    Failure   Level
a - Sting                 Conj/Alch      100%       1d9       3%          1
b - Mercury Vapours       Alch/Air       70%        N/A       4%          2
c - Olgreb's Toxic Radia  Alch           60%        N/A       2%          4
d - Sticky Flame          Fire/Alch      42%        2d8       9%          4

Your spell library contained the following spells:

 Spells                   Type           Power      Damage    Failure   Level
 Mephitic Cloud           Conj/Alch/Air  26%        N/A       12%         3
 Petrify                  Alch/Erth      35%        N/A       14%         4
 Irradiate                Conj/Alch      18%        3d17      28%         5
 Sublimation of Blood     Necr           5%         N/A       36%         2


Dungeon Overview and Level Annotations

Branches:
Dungeon (7/15)              Sewer (visited)
 Temple: D:4-7

Altars:
Ashenzari
Fedhas
Nemelex Xobeh
Qazlal
Xom
Yredelemnul

Annotations:
D:7 2 transporters


Innate Abilities, Weirdness & Mutations

You cannot be hasted, slowed, berserked, paralysed or teleported.
You can dig through walls and to a lower floor.
You have a pair of large antennae on your head. (SInv)
Your four strong arms can wield two-handed weapons with a shield.


Message History

The orc wizard casts a spell at you.
The magic dart hits you but does no damage.
The orc wizard looks as sick as possible!
Your toxic aura wanes.
You kill the orc wizard!
Things that are here:
a +0 flail; an orc corpse
There is a transporter landing site here.
The sting hits the orc wizard!
The orc wizard looks even sicker.
You kill the orc wizard!
You have reached level 10!
Casting: Sting (safe; 3% risk of failure)
Confirm with . or Enter, or press ? or * to list all spells.
Okay, then.
Magic restored.
Things that are here:
a +0 dagger; a +2 robe of fire resistance; an orc corpse
Items here: )) [[ †.
Things that are here:
a +0 hand axe; a +0 leather armour A centaur comes into view.
The centaur wields a +1 shortbow of freezing.
It is covered in frost.
The centaur shoots an arrow.
The arrow hits you but does no damage.
The centaur shoots an arrow.
The arrow hits you! The arrow freezes you.
Casting: Sting (safe; 3% risk of failure)
Confirm with . or Enter, or press ? or * to list all spells.
You begin to radiate toxic energy.
The centaur is poisoned.
The centaur looks even sicker.
The centaur shoots an arrow.
The arrow hits you! The arrow freezes you.
The centaur looks even sicker.
Your toxic aura wanes.
The centaur shoots an arrow.
The arrow hits you! The arrow freezes you.
The centaur shoots an arrow.
The arrow barely misses you.
The centaur shoots an arrow.
The arrow hits you!
* * * LOW HITPOINT WARNING * * *
The arrow freezes you.
* * * LOW HITPOINT WARNING * * *
The centaur shoots an arrow.
The arrow hits you.
You die...

ß$___$ß##....#
########.....#
..)©)).)...#.#
##........##.#
##...######.#
##### #.# #.#
#.##########.
#....@....c..
############.


You could see a centaur (very poisoned).

Vanquished Creatures
  Prince Ribbit (D:6)
  A shadow (D:4)
  3 water moccasins
  A sky beast (D:7)
  2 ice beasts (D:6)
  2 ogres
  2 centaurs
  A phantom (D:4)
  3 kobold brigands
  3 bullfrogs
  A scorpion (D:7)
  A jelly (D:5)
  6 hounds
  A bombardier beetle (D:5)
  2 sleepcaps
  4 iguanas
  5 orc wizards
  Robin (D:3)
  13 gnolls
  11 adders
  6 river rats (Sewer)
  2 dart slugs (D:1)
  A ribbon worm (D:2)
  16 orcs
  5 endoplasms
  3 giant cockroaches
  18 goblins
  7 hobgoblins
  3 jackals (D:3)
  2 quokkas
  8 ball pythons
  6 bats
  4 frilled lizards
  27 kobolds
  22 rats
194 creatures vanquished.

Notes
Turn   | Place    | Note
-------+----------+-------------------------------------------
     0 | D:1      | Alarak the Formicid Alchemist began the quest for the Orb.
     0 | D:1      | Reached XP level 1. HP: 13/13 MP: 3/3
   342 | D:1      | Reached XP level 2. HP: 19/19 MP: 1/5
   444 | D:1      | Learned a level 2 spell: Mercury Vapours
   875 | D:1      | Reached XP level 3. HP: 24/24 MP: 5/7
  1620 | D:2      | Found a faded altar of an unknown god.
  1672 | D:2      | Reached XP level 4. HP: 30/30 MP: 10/10
  1748 | D:2      | Found a basalt altar of Yredelemnul.
  2504 | D:3      | Reached XP level 5. HP: 35/35 MP: 1/12
  2813 | D:3      | Reached skill level 5 in Spellcasting
  2817 | D:3      | Noticed Robin
  3116 | D:3      | Reached skill level 5 in Alchemy
  3156 | D:2      | Reached XP level 6. HP: 28/41 MP: 2/13
  3369 | D:3      | Found a basalt altar of Yredelemnul.
  3448 | D:3      | Found a stormy altar of Qazlal.
  3468 | D:3      | Reached skill level 6 in Alchemy
  3545 | D:3      | Killed Robin
  3789 | D:4      | Noticed an ogre
  3795 | D:4      | Killed an ogre
  3796 | D:4      | Reached skill level 7 in Alchemy
  3821 | D:4      | Learned a level 4 spell: Olgreb's Toxic Radiance
  3864 | D:4      | HP: 2/41 [phantom (6)]
  3868 | D:4      | Reached XP level 7. HP: 3/46 MP: 5/14
  4103 | D:4      | Reached skill level 8 in Alchemy
  4346 | D:4      | Found a shimmering altar of Xom.
  4647 | D:5      | Entered Level 5 of the Dungeon
  4663 | D:5      | Reached skill level 9 in Alchemy
  4896 | D:5      | Noticed a shadow
  4899 | D:5      | Reached XP level 8. HP: 52/52 MP: 10/15
  4942 | D:5      | Reached skill level 10 in Alchemy
  5244 | D:4      | Killed a shadow
  5366 | D:5      | Reached skill level 11 in Alchemy
  5940 | D:6      | Reached skill level 12 in Alchemy
  6056 | D:6      | Noticed Prince Ribbit
  6064 | D:6      | Killed Prince Ribbit
  6065 | D:6      | Reached XP level 9. HP: 57/57 MP: 3/16
  6210 | D:6      | Reached skill level 13 in Alchemy
  6227 | D:6      | Found a glowing drain.
  6235 | Sewer    | Entered a sewer
  6809 | Sewer    | Reached skill level 14 in Alchemy
  7982 | D:7      | Learned a level 4 spell: Sticky Flame
  8084 | D:7      | Reached skill level 15 in Alchemy
  8154 | D:7      | Reached skill level 1 in Fire Magic
  8351 | D:7      | Found a transporter.
  8352 | D:7      | Found a transporter.
  8360 | D:7      | Found a broken altar of Ashenzari.
  8361 | D:7      | Found a sparkling altar of Nemelex Xobeh.
  8361 | D:7      | Found a blossoming altar of Fedhas.
  8374 | D:7      | Reached XP level 10. HP: 63/63 MP: 11/17
  8431 | D:7      | Shot with an arrow by a centaur

Illustrated notes

Levels and vault maps discovered:
D:1:      eino_arrival_water_cross, layout_loops_ring
D:2:      kennysheep_big_flooded_room, layout_basic, basic_altar,
          basic_ecumenical_altar
D:3:      layout_rooms, mainiacjoe_overflow_big_doors,
          hangedman_decor_peaks_small, st_stairs_9, uniq_robin
D:4:      layout_cave_pools, xom_teletrap_fun,
          mainiacjoe_ossuary_entry_dusty_tomb
D:5:      layout_rooms
D:6:      layout_loops_ring, mainiacjoe_sewer_entry_somewhere_in_here_1,
          grunt_decor_cap, uniq_prince_ribbit1
D:7:      layout_loops_ring, gammafunk_temple_overflow_arena,
          minmay_temple_entry_enclosed_plants

Skill      XL: |  1  2  3  4  5  6  7  8  9 |
---------------+----------------------------+-----
Spellcasting   | 3 4 5 |  5.0
Alchemy        | 5 7 9 12 15 | 15.1
Fire Magic     | 3 |  3.6
Dodging        | |  1.7
Stealth        | |  2.4
Conjurations   | |  0.8

Action                     |  1- 3 |  4- 6 |  7- 9 | 10-12 || total
---------------------------+-------+-------+-------+-------++-------
  Melee: Club              |    23 |       |       |       ||    23
         Unarmed           |     2 |       |       |       ||     2
         Trident           |     1 |    70 |    11 |       ||    82
         Dagger            |       |       |    39 |       ||    39
         Whip              |       |       |    34 |       ||    34
   Cast: Sting             |    48 |   108 |    99 |       ||   255
         Mercury Vapours   |     4 |    27 |     1 |       ||    32
         Olgreb's Toxic Ra |       |       |    48 |     1 ||    49
  Evoke: Wand              |       |       |    14 |       ||    14
    Use: Scroll            |     3 |     2 |    15 |       ||    20
         Potion            |       |     1 |       |       ||     1
   Stab: Sleeping          |       |       |     2 |       ||     2
 Armour: Robe              |    24 |    71 |       |       ||    95
         Animal skin       |       |    20 |    95 |     6 ||   121
  Dodge: Dodged            |    27 |   139 |   121 |     1 ||   288

Table legend: (Time is in decaauts)
 A = Elapsed time spent in this place.
 B = Non-inter-level travel time spent in this place.
 C = Inter-level travel time spent in this place.
 D = Time resting spent in this place.
 E = Time spent auto-exploring this place.
 F = Levels seen in this place.
 G = Mean time per level.
                   A        B        C        D        E       F      G
               +--------+--------+--------+--------+--------+-----+--------+
         Total |   8499 |   7962 |    537 |   2293 |   4167 |   8 | 1062.4 |
       Dungeon |   7536 |   6999 |    537 |   2088 |   3612 |   7 | 1076.6 |
         Sewer |    963 |    963 |      0 |    205 |    554 |   1 |  963.0 |
               +--------+--------+--------+--------+--------+-----+--------+

Top non-repeatable levels by time:
     D:1: 1406 daAuts
     D:2: 1335 daAuts
     D:6: 1269 daAuts
     D:3: 1118 daAuts
     D:4: 1105 daAuts
   Sewer: 963 daAuts
     D:5: 796 daAuts
     D:7: 504 daAuts
